 Dungeon Crawl Stone Soup version 0.25-a0-167-g836c352ace (webtiles) character file.

Game seed: 6157796713431845697, levelgen mode: deterministic

767 Leeroy the Destroyer (level 7, -1/50 HPs)
             Began as a Red Draconian Conjurer on Nov 25, 2019.
             Slain by an orc
             ... wielding a +0 falchion
              (3 damage)
             ... on level 5 of the Dungeon.
             The game lasted 00:13:54 (7523 turns).

Leeroy the Destroyer (Red Draconian Conjurer)       Turns: 7523, Time: 00:13:55

Health: -1/50      AC:  6    Str: 11    XL:     7   Next: 52%
Magic:  10/10      EV: 12    Int: 21    God:
Gold:   181        SH:  0    Dex: 11    Spells: 3/10 levels left

rFire    + . .     SeeInvis .   v - +0 mace (protect)
rCold    . . .     Gourm    .   (no shield)
rNeg     . . .     Faith    .   (armour unavailable)
rPois    .         Spirit   .   (helmet restricted)
rElec    .         Reflect  .   (no cloak)
rCorr    .         Harm     .   (no gloves)
MR       .....                  (no boots)
Stlth    ++........             u - amulet of magic regeneration
HPRegen  0.16/turn              w - +4 ring of intelligence
MPRegen  0.37/turn              (no ring)

@: no status effects
A: breathe fire, unfitting armour, fire resistance 1, cold-blooded, AC +6
a: Breathe Fire


You were on level 5 of the Dungeon.
You were very hungry.

You visited 1 branch of the dungeon, and saw 5 of its levels.
You also visited: Sewer.

You collected 181 gold pieces.

Inventory:

Hand Weapons
 d - a +0 hand axe
 f - a +0 whip
 k - a +0 club
 m - a +0 short sword
 v - a +0 mace of protection (weapon)
Missiles
 j - 61 sling bullets
 l - 50 arrows
 s - 5 javelins (quivered)
 y - 7 boomerangs
Magical Staves
 A - an uncursed staff of earth
 E - an uncursed staff of power {unknown}
Jewellery
 u - an amulet of magic regeneration (around neck)
 w - a +4 ring of intelligence (left hand)
 z - a +4 ring of slaying {unknown}
Wands
 h - a wand of flame (17)
 D - a wand of enslavement (6)
Scrolls
 c - 2 scrolls of identify
 e - 2 scrolls of fear
 g - a scroll of enchant weapon {unknown}
 i - a scroll of amnesia {unknown}
 n - 3 scrolls of remove curse
 o - 4 scrolls of teleportation
 q - a scroll of magic mapping {unknown}
 x - a scroll of random uselessness {unknown}
 C - a scroll of enchant armour {unknown}
Potions
 a - a potion of agility {unknown}
 t - 3 potions of flight
 B - a potion of degeneration {unknown}
Comestibles
 b - 6 rations


   Skills:
 - Level 1.7 Dodging
 - Level 1.7 Stealth
 - Level 2.0 Spellcasting
 + Level 9.4 Conjurations


You had 3 spell levels left.
You knew the following spells:

 Your Spells              Type           Power        Failure   Level  Hunger
a - Magic Dart            Conj           ####         1%          1    #......
b - Searing Ray           Conj           #####.       1%          2    ##.....
c - Iskenderun's Mystic   Conj           #####...     3%          4    #####..

Your spell library contained the following spells:

 Spells                   Type           Power        Failure   Level  Hunger
 Dazzling Spray           Conj/Hex       ###...       6%          3    ###....
 Force Lance              Conj/Tloc      ###.....     22%         4    #####..
 Fulminant Prism          Conj/Hex       ###.......   22%         4    #####..


Dungeon Overview and Level Annotations

Branches:
Dungeon (5/15)              Sewer (visited)
 Temple: D:4-7

Altars:
Kikubaaqudgha
Vehumet


Innate Abilities, Weirdness & Mutations

You can breathe blasts of fire.
Your fiery red scales are hard. (AC +6)
You cannot fit into any form of body armour.
Your flesh is heat resistant. (rF+)
You are cold-blooded and may be slowed by cold attacks.


Message History

You hear some strange, mumbled words.
A puff of flame appears from out of thin air!
The puff of flame hits you. You resist.
* * * LOW HITPOINT WARNING * * *
The orc barely misses you.
Unknown command.
It was a potion of curing.
You feel better. The orc misses you. Something hits you.
* * * LOW HITPOINT WARNING * * *
The orc barely misses you.
Okay, then.
As you read the scroll labeled TIALLI APERCHU, it crumbles to dust.
The scroll dissolves into smoke.
It was a scroll of fog.
Something hits you.
* * * LOW HITPOINT WARNING * * *
The orc hits you with a +0 falchion.
* * * LOW HITPOINT WARNING * * *
The orc hits you with a +0 short sword.
* * * LOW HITPOINT WARNING * * *
The orc hits you with a +0 falchion.
You die...

#..[.......#...####'#......
#..........# #.....####
#..........# #.....#
#..........# #.....#
#..........# #.....#
#######..........# #.....#
#................# #.....#
#.............§§.# #.....+
#.............§§@#
###.....#
#......#'###..§o{# ...#
#......#...#..§§o# ....#
#......#...#..§§o#.....#
#......#...#..§.§§.....+
#......#...#.....#.....#
########...#.....#...?.#
#....#....#.....# ....#
#....'....#.....# ....+


You could see 2 orcs.

Vanquished Creatures
  An ogre (D:4)
  A phantom (D:4)
  A centaur (D:5)
  A howler monkey (D:4)
  An orc priest (D:3)
  A bullfrog skeleton (D:4)
  Jessica (D:3)
  Ijyb (D:5)
  Terence (D:3)
  A merfolk siren (Sewer)
  2 worker ants (D:4)
  A merfolk avatar (Sewer)
  A gnoll (D:4)
  12 adders
  2 river rats
  An ooze (D:1)
  A worm (D:2)
  9 leopard geckos
  6 orcs
  4 ball pythons
  3 giant cockroaches
  12 goblins
  9 hobgoblins
  3 jackals (D:3)
  6 kobolds
  2 quokkas
  4 bats
  10 frilled lizards
  30 rats
128 creatures vanquished.

Notes
Turn   | Place    | Note
-------+----------+-------------------------------------------
     0 | D:1      | Leeroy the Draconian Conjurer began the quest for the Orb.
     0 | D:1      | Reached XP level 1. HP: 14/14 MP: 3/3
   240 | D:1      | Reached XP level 2. HP: 12/20 MP: 3/5
   306 | D:1      | Learned a level 2 spell: Searing Ray
   657 | D:1      | Reached skill level 5 in Conjurations
   657 | D:1      | Reached XP level 3. HP: 15/26 MP: 6/6
  1573 | D:2      | Reached XP level 4. HP: 22/33 MP: 0/7
  2307 | D:3      | Reached skill level 6 in Conjurations
  2417 | D:3      | Noticed Terence
  2430 | D:3      | Killed Terence
  2430 | D:3      | Reached XP level 5. HP: 29/38 MP: 3/8
  2452 | D:3      | Noticed Jessica
  2458 | D:3      | Killed Jessica
  2472 | D:3      | Found a glowing drain.
  2507 | Sewer    | Entered a sewer
  2835 | Sewer    | Reached skill level 7 in Conjurations
  3549 | Sewer    | Reached XP level 6. HP: 42/45 MP: 9/9
  4259 | D:3      | Found an ancient bone altar of Kikubaaqudgha.
  4751 | D:4      | Learned a level 4 spell: Iskenderun's Mystic Blast
  5049 | D:4      | Reached skill level 8 in Conjurations
  5646 | D:4      | Your scales start taking on a fiery red colour.
  5646 | D:4      | Reached XP level 7. HP: 25/50 MP: 5/10
  5646 | D:4      | Gained mutation: Your flesh is heat resistant. (rF+) [Red
                  | Draconian growth]
  6185 | D:5      | Entered Level 5 of the Dungeon
  6206 | D:5      | Reached skill level 9 in Conjurations
  6262 | D:5      | Found a radiant altar of Vehumet.
  6392 | D:5      | HP: 2/50 [centaur (2)]
  6400 | D:5      | HP: 2/50 [poisoned by an adder]
  7010 | D:5      | Noticed Ijyb
  7042 | D:5      | Killed Ijyb
  7521 | D:5      | HP: 2/50 [orc/+0 falchion (4)]
  7523 | D:5      | Slain by an orc

Levels and vault maps discovered:
D:1:      ncdulo_wetmaze, layout_loops_ring, minmay_small_reverse_x
D:2:      layout_loops_ring, minmay_misc_feat_x
D:3:      layout_loops_ring, overflow_temple_1_default, portal_sewer_entry_a,
          first_ration, lemuel_flame_loot_1, uniq_terence, uniq_jessica
D:4:      layout_cave_pools
D:5:      layout_gridville, lemuel_statue_altar, uniq_ijyb

Skill      XL: |  1  2  3  4  5  6  7 |
---------------+----------------------+-----
Conjurations   | 5 6 7 8 9 |  9.4
Dodging        | |  1.7
Stealth        | |  1.7
Spellcasting   | |  2.0

Action                   |  1- 3 |  4- 6 |  7- 9 || total
-------------------------+-------+-------+-------++-------
Melee: Hand axe          |    22 |       |       ||    22
       Tailslap          |    12 |    30 |     5 ||    47
       Unarmed           |     1 |       |       ||     1
       Short sword       |    95 |   289 |       ||   384
       Whip              |     5 |       |       ||     5
       Mace              |       |    15 |    50 ||    65
 Cast: Magic Dart        |    15 |     1 |       ||    16
       Searing Ray       |     5 |    16 |       ||    21
       Iskenderun's Myst |       |       |     4 ||     4
 Abil: Breathe Fire      |       |       |     3 ||     3
  Use: Scroll            |       |     5 |     1 ||     6
       Potion            |       |     2 |     3 ||     5
 Stab: Sleeping          |     2 |     6 |       ||     8
       Distracted        |     1 |       |       ||     1
  Eat: Chunk             |     2 |    14 |     4 ||    20
       Ration            |       |       |     1 ||     1
Armor: Skin              |    28 |   115 |    26 ||   169
Dodge: Dodged            |    96 |   230 |    47 ||   373

Table legend:
 A = Non-vault XP
 B = Vault XP
 C = Vault XP percentage of total XP
 D = Non-vault monster count
 E = Vault monster count
 F = Vault count percentage of total count
                 A         B        C        D         E       F
            +---------+---------+-------+---------+---------+-------
      Total |     809 |     287 |  26.2 |      77 |      51 |  39.8
            +---------+---------+-------+---------+---------+-------
        D:1 |      42 |      11 |  20.8 |      24 |       4 |  14.3
        D:2 |      46 |       0 |   0.0 |      12 |       0 |   0.0
        D:3 |     149 |      90 |  37.7 |      23 |       5 |  17.9
        D:4 |     434 |       0 |   0.0 |      12 |       0 |   0.0
        D:5 |     138 |      36 |  20.7 |       6 |       1 |  14.3
      Sewer |       0 |     150 | 100.0 |       0 |      41 | 100.0
            +---------+---------+-------+---------+---------+-------
